[Event "ICC tourney 2541 (3 2)"]
[Site "Internet Chess Club"]
[Date "2021.04.30"]
[Round "5"]
[White "GAO, MATTHEW IAN:xcelswimmer"]
[Black "ERARD, ERIC CHRISTIAN:eric-erard"]
[Result "0-1"]
[ICCResult "White forfeits on time"]
[WhiteElo "1918"]
[BlackElo "1695"]
[Opening "King's Indian: Sämisch, 5...O-O"]
[ECO "E81"]
[NIC "KI.48"]
[Time "20:54:26"]
[PlyCount "118"]
[TimeControl "180+2"]

1. d4 Nf6 2. c4 d6 3. Nc3 g6 4. e4 Bg7 5. f3 O-O 6. Be3 Nbd7 7. Qd2 e5 8.
d5 Ne8 9. Bd3 f5 10. exf5 gxf5 11. O-O-O f4 12. Bf2 Nc5 13. Bc2 b6 14. g4
fxg3 15. hxg3 Bf5 16. b4 Nd7 17. Ne4 Nef6 18. Ng5 Bxc2 19. Qxc2 Qe7 20.
Nxh7 Nxh7 21. Qxh7+ Kf7 22. Be3 Nf6 23. Qf5 Rh8 24. Ne2 Raf8 25. g4 Ke8 26.
Qg6+ Kd8 27. Bg5 Rhg8 28. Qd3 Kc8 29. Ng3 Bh8 30. Bh4 Qd7 31. Qf5 Qxf5 32.
Nxf5 Kb7 33. Ng3 Ne8 34. Rdf1 Bf6 35. Bxf6 Nxf6 36. Kd2 e4 37. Nxe4 Nxe4+
38. fxe4 Rxf1 39. Rxf1 Rxg4 40. Kd3 Rg3+ 41. Kd4 Rg2 42. Ra1 Rb2 43. Kc3
Re2 44. Kd3 Rb2 45. a3 a5 46. bxa5 bxa5 47. Kc3 Rf2 48. Rb1+ Ka7 49. Rb5
Rf3+ 50. Kb2 Ka6 51. Rb3 Rf2+ 52. Kc3 Re2 53. Kd3 Rg2 54. Rb8 Rg3+ 55. Kd4
Rxa3 56. e5 dxe5+ 57. Kxe5 Rc3 58. Kd4 Rc1 59. c5 Ka7 { White forfeits on
time } 0-1

[Event "ICC tourney 2541 (3 2)"]
[Site "Internet Chess Club"]
[Date "2021.04.30"]
[Round "5"]
[White "CHANG, ANSEL Yiktong:anselc"]
[Black "BOYINEPALLY, KIRAN:BoyinK-99"]
[Result "0-1"]
[ICCResult "White resigns"]
[WhiteElo "933"]
[BlackElo "1673"]
[Opening "Vienna: Paulsen variation"]
[ECO "C25"]
[NIC "VG.04"]
[Time "20:54:28"]
[PlyCount "136"]
[TimeControl "180+2"]

1. e4 e5 2. Nc3 Nc6 3. g3 Nf6 4. Bg2 Bc5 5. Nge2 a6 6. O-O d6 7. d3 Bg4 8.
h3 Be6 9. Kh2 Qd7 10. f4 exf4 11. Nxf4 O-O 12. Nxe6 fxe6 13. Ne2 Rae8 14.
c3 Ba7 15. Qb3 Bb6 16. d4 Kh8 17. Bd2 Na5 18. Qc2 Nc4 19. Nf4 e5 20. Ne2
exd4 21. Nxd4 Bxd4 22. cxd4 Nxd2 23. Qxd2 Qe7 24. Rae1 Nd7 25. Rxf8+ Rxf8
26. Qd3 h6 27. Re2 Qf6 28. b4 b5 29. a3 Nb6 30. d5 Nc4 31. Rc2 Re8 32. Re2
Ne5 33. Qe3 Rf8 34. Qd2 Nf3+ 35. Bxf3 Qxf3 36. Rg2 Qxa3 37. Qe2 Qxb4 38. h4
Qc4 39. Qe3 Qc5 40. Qe2 Qd4 41. Qg4 Qf6 42. Qd7 Rf7 43. Qc6 Qa1 44. Rg1
Qa2+ 45. Rg2 Qa4 46. Kh3 a5 47. Qc3 Qb4 48. Qe3 Qc4 49. Rd2 b4 50. Qe1 Qc3
51. Qd1 Rf3 52. Rg2 b3 53. Qb1 a4 54. Qg1 a3 55. Qa7 b2 56. Qb8+ Kh7 57.
Qe8 b1=Q 58. Qh5 Qxe4 59. Qg4 Qf5 60. Qxf5+ Rxf5 61. Kh2 Rxd5 62. g4 Ra5
63. g5 hxg5 64. hxg5 Rb5 65. g6+ Kg8 66. Rg3 Rb2+ 67. Kh3 Qxg3+ 68. Kxg3 a2
{ White resigns } 0-1

[Event "ICC tourney 2541 (3 2)"]
[Site "Internet Chess Club"]
[Date "2021.04.30"]
[Round "5"]
[White "SLADE, THEODORE LUKE:MrNormalName"]
[Black "CHAN, MATTHEW M:mmchan"]
[Result "0-1"]
[ICCResult "White resigns"]
[WhiteElo "2170"]
[BlackElo "1891"]
[Opening "QGD: exchange, positional line, 5...c6"]
[ECO "D35"]
[NIC "QO.16"]
[Time "20:54:45"]
[PlyCount "146"]
[TimeControl "180+2"]

1. d4 d5 2. c4 e6 3. Nc3 Nf6 4. cxd5 exd5 5. Bg5 c6 6. e3 Nbd7 7. Bd3 Be7
8. Nge2 Nf8 9. O-O Ne6 10. Bh4 b6 11. f3 Bb7 12. Qd2 O-O 13. Rad1 c5 14.
Bb1 cxd4 15. Nxd4 Nxd4 16. Qxd4 Bc5 17. Qd2 Re8 18. Rfe1 Qd6 19. Qd3 g6 20.
Nb5 Qc6 21. Bxf6 Qxf6 22. Nc7 Qxb2 23. Nxa8 Bxa8 24. Re2 Qf6 25. Kh1 Bc6
26. Bc2 Qh4 27. Bb3 Bd6 28. f4 Qh5 29. Ree1 Bb4 30. Rf1 Bc5 31. Rfe1 Bb4
32. Re2 Bd6 33. Rc2 Bb5 34. Qxd5 Qxd5 35. Bxd5 Rxe3 36. Rc8+ Kg7 37. Ra8
Ba4 38. Rf1 Bb5 39. Rb1 Bd3 40. Rd1 Bc2 41. Rc1 Ba3 42. Rg1 Re7 43. h3 Bc5
44. Rc1 Be4 45. Bxe4 Rxe4 46. Rxa7 Rxf4 47. a4 Rf2 48. a5 Be3 49. Re1 Bd2
50. Rd1 bxa5 51. Kg1 Be3 52. Re7 Rd2+ 53. Rxe3 Rxd1+ 54. Kf2 Rd6 55. Ra3
Ra6 56. Ra4 f5 57. h4 Kf6 58. Kf3 h6 59. g4 g5 60. hxg5+ hxg5 61. gxf5 Kxf5
62. Kg3 g4 63. Rf4+ Ke5 64. Kxg4 a4 65. Rf5+ Kd4 66. Rf4+ Ke3 67. Rf3+ Ke2
68. Rf4 a3 69. Kg3 a2 70. Rf2+ Ke1 71. Rh2 a1=Q 72. Rh1+ Kd2 73. Rxa1 Rxa1
{ White resigns } 0-1

[Event "ICC tourney 2541 (3 2)"]
[Site "Internet Chess Club"]
[Date "2021.04.30"]
[Round "5"]
[White "ZENG, CALEB:calebzeng"]
[Black "FEHD, JODIE LYNN:spaceegg"]
[Result "1/2-1/2"]
[ICCResult "Game drawn by the 50 move rule"]
[WhiteElo "805"]
[BlackElo "1186"]
[Opening "Philidor's defense"]
[ECO "C41"]
[NIC "KP.08"]
[Time "20:54:25"]
[PlyCount "439"]
[TimeControl "180+2"]

1. e4 e5 2. Nf3 d6 3. d4 Bg4 4. dxe5 Bxf3 5. gxf3 d5 6. Qxd5 Qxd5 7. exd5
Bc5 8. Be3 Bxe3 9. fxe3 c6 10. d6 Nd7 11. f4 f6 12. Bh3 fxe5 13. Bxd7+ Kxd7
14. fxe5 Nh6 15. Nc3 Nf5 16. e4 Ne3 17. Kd2 Nc4+ 18. Kd3 Nxe5+ 19. Ke3 Kxd6
20. Rad1+ Ke6 21. Rhg1 g6 22. Ne2 Nc4+ 23. Kd3 Nxb2+ 24. Kd2 Nc4+ 25. Kc3
b5 26. Nd4+ Ke5 27. Nxc6+ Ke6 28. Nd4+ Ke5 29. Nxb5 Rac8 30. Rd5+ Kxe4 31.
Rd4+ Ke5 32. Re1+ Kf6 33. Rf4+ Kg7 34. Rxc4 Rxc4+ 35. Kxc4 a6 36. Nc3 Rc8+
37. Kd3 a5 38. Re7+ Kh6 39. Re4 Rd8+ 40. Ke3 Kg5 41. Re5+ Kf6 42. Rxa5 Re8+
43. Ne4+ Kg7 44. Kf4 Kh6 45. Kg4 Rxe4+ 46. Kf3 Rc4 47. Re5 Rxc2 48. Re2
Rc3+ 49. Re3 Rc6 50. Kg4 Rc4+ 51. Kg3 g5 52. a3 Kh5 53. h3 h6 54. Rd3 g4
55. Rd5+ Kg6 56. hxg4 Rc3+ 57. Kh4 Rxa3 58. Rd6+ Kg7 59. Rd7+ Kg6 60. Rd6+
Kg7 61. g5 Ra4+ 62. Kh5 hxg5 63. Kxg5 Ra5+ 64. Kf4 Ra4+ 65. Ke5 Ra5+ 66.
Kd4 Kf7 67. Rb6 Ra4+ 68. Kc5 Rf4 69. Rb7+ Ke6 70. Rb6+ Ke5 71. Rb5 Ke6 72.
Rb6+ Ke5 73. Rb8 Ke6 74. Re8+ Kd7 75. Re5 Rf6 76. Rd5+ Ke6 77. Rd6+ Ke7 78.
Rd5 Rf3 79. Re5+ Kd7 80. Rd5+ Ke6 81. Rd8 Rc3+ 82. Kb4 Rf3 83. Re8+ Kd6 84.
Rh8 Kc6 85. Rh6+ Kd5 86. Rh5+ Kc6 87. Rh6+ Kd5 88. Rh4 Kc6 89. Rc4+ Kd5 90.
Rc5+ Kd6 91. Rc4 Kd5 92. Rc3 Rf4+ 93. Kb3 Kd6 94. Rd3+ Kc5 95. Rc3+ Kd5 96.
Kc2 Rf2+ 97. Kb3 Rf4 98. Rd3+ Ke4 99. Rc3 Kd5 100. Rd3+ Kc5 101. Rc3+ Kd5
102. Kc2 Kd4 103. Ra3 Rf2+ 104. Kd1 Kc4 105. Ra4+ Kc3 106. Ra3+ Kc4 107.
Ra4+ Kc3 108. Ra1 Kd3 109. Ra3+ Kc4 110. Ke1 Rh2 111. Rg3 Ra2 112. Rh3 Rb2
113. Rh8 Kd3 114. Rh3+ Kc4 115. Rh4+ Kd3 116. Rh3+ Kc4 117. Re3 Kd4 118.
Re2 Rb3 119. Rd2+ Kc4 120. Rc2+ Kd4 121. Kd2 Rd3+ 122. Kc1 Rh3 123. Rd2+
Kc4 124. Kb2 Rb3+ 125. Kc2 Rc3+ 126. Kd1 Ra3 127. Rc2+ Kd3 128. Rd2+ Kc4
129. Rc2+ Kd3 130. Rd2+ Kc4 131. Ke2 Ra8 132. Rc2+ Kb3 133. Rd2 Re8+ 134.
Kd1 Kc3 135. Rc2+ Kb3 136. Rd2 Rh8 137. Re2 Kc3 138. Re3+ Kc4 139. Kd2 Rh2+
140. Re2 Rh3 141. Kc2 Rc3+ 142. Kd2 Rd3+ 143. Ke1 Ra3 144. Rh2 Ra1+ 145.
Kf2 Ra2+ 146. Kg3 Ra3+ 147. Kg4 Kb5 148. Rh5+ Kc4 149. Rf5 Kd4 150. Kf4 Ra1
151. Kg5 Rg1+ 152. Kf6 Ra1 153. Rf4+ Kd3 154. Rf5 Ra6+ 155. Kg5 Ra1 156.
Rf4 Ke3 157. Rg4 Kd3 158. Rg3+ Ke4 159. Rg4+ Kf3 160. Rf4+ Ke3 161. Kf5
Ra5+ 162. Kg4 Kd3 163. Rf3+ Ke2 164. Kg3 Kd2 165. Rf2+ Kc3 166. Rf3+ Kd2
167. Kf2 Kc2 168. Re3 Kd2 169. Re2+ Kd3 170. Re3+ Kd4 171. Rf3 Ra2+ 172.
Kg3 Ke4 173. Rf4+ Kd5 174. Rf5+ Ke4 175. Rf4+ Kd5 176. Rf3 Ke4 177. Rf2
Ra3+ 178. Kg2 Kd5 179. Rd2+ Ke4 180. Re2+ Kd3 181. Rf2 Ra8 182. Rf3+ Kd2
183. Rf2+ Kd3 184. Rf3+ Ke2 185. Rf2+ Kd3 186. Rf3+ Ke2 187. Rg3 Kd2 188.
Rg7 Ke2 189. Re7+ Kd3 190. Rg7 Ke4 191. Rg3 Kf5 192. Kf3 Ra3+ 193. Kf2 Ra2+
194. Kg1 Kf4 195. Rg2 Ra1+ 196. Kh2 Ra3 197. Rf2+ Ke5 198. Rg2 Kf4 199.
Rf2+ Kg4 200. Kg2 Rg3+ 201. Kh2 Rh3+ 202. Kg1 Ra3 203. Rg2+ Kf3 204. Rf2+
Ke4 205. Re2+ Kf4 206. Re1 Rg3+ 207. Kf2 Rf3+ 208. Ke2 Re3+ 209. Kd2 Ra3
210. Rf1+ Ke4 211. Re1+ Kf4 212. Rf1+ Ke4 213. Rf2 Ra2+ 214. Ke1 Ra1+ 215.
Ke2 Ra2+ 216. Kf1 Ra1+ 217. Kg2 Ra3 218. Re2+ Kf4 219. Rf2+ Kg4 220. Kg1 {
Game drawn by the 50 move rule } 1/2-1/2

[Event "ICC tourney 2541 (3 2)"]
[Site "Internet Chess Club"]
[Date "2021.04.30"]
[Round "6"]
[White "BELOUS, VLADIMIR:Openyagami"]
[Black "ERARD, ERIC CHRISTIAN:eric-erard"]
[Result "1-0"]
[ICCResult "Black checkmated"]
[WhiteElo "2602"]
[BlackElo "1695"]
[Opening "English opening"]
[ECO "A05"]
[NIC "QP.11"]
[Time "21:16:18"]
[PlyCount "87"]
[TimeControl "180+2"]

1. Nf3 Nf6 2. c4 e6 3. g3 c6 4. Bg2 d5 5. O-O Bd6 6. d4 O-O 7. Nc3 Re8 8.
Bg5 h6 9. Bxf6 Qxf6 10. e4 Qd8 11. cxd5 exd5 12. exd5 cxd5 13. Nxd5 Bxg3
14. fxg3 Qxd5 15. Ne5 Qd8 16. Nxf7 Qb6 17. Bd5 Be6 18. Nxh6+ gxh6 19. Qg4+
Kh7 20. Be4+ Kh8 21. Qg6 Qxd4+ 22. Kh1 Qg7 23. Qxe8+ Bg8 24. Bd5 Nc6 25.
Qxa8 Kh7 26. Qxg8+ Qxg8 27. Bxg8+ Kxg8 28. Rad1 Ne5 29. Rd8+ Kg7 30. Rb8
Ng4 31. Rxb7+ Kg6 32. Rxa7 Kh5 33. Ra5+ Kg6 34. Rf4 h5 35. Rxg4+ hxg4 36.
Rb5 Kh6 37. a4 Kg6 38. a5 Kf6 39. a6 Ke6 40. a7 Kd6 41. a8=Q Kd7 42. Qa6
Kd8 43. Rb7 Ke8 44. Qa8# { Black checkmated } 1-0

[Event "ICC tourney 2541 (3 2)"]
[Site "Internet Chess Club"]
[Date "2021.04.30"]
[Round "6"]
[White "Lamas, David:ChessMonkey123"]
[Black "ZHOU, VANESSA G:vanessa4play"]
[Result "0-1"]
[ICCResult "White checkmated"]
[WhiteElo "1431"]
[BlackElo "1352"]
[Opening "French: exchange variation"]
[ECO "C01"]
[NIC "FR.01"]
[Time "21:17:11"]
[PlyCount "46"]
[TimeControl "180+2"]

1. e4 e6 2. d4 d5 3. exd5 exd5 4. c4 Nf6 5. Nf3 dxc4 6. Bxc4 Bd6 7. O-O O-O
8. h3 h6 9. Nc3 Bf5 10. Re1 Nc6 11. Bb5 Ne7 12. Qb3 c6 13. Bc4 Qc7 14. d5
cxd5 15. Nxd5 Nexd5 16. Bxd5 Nxd5 17. Qxd5 Be6 18. Qe4 Rfe8 19. Qd3 Rad8
20. Qb5 Bd7 21. Rxe8+ Rxe8 22. Qb3 Bc6 23. Nd4 Re1# { White checkmated }
0-1

[Event "ICC tourney 2541 (3 2)"]
[Site "Internet Chess Club"]
[Date "2021.04.30"]
[Round "6"]
[White "Aimdilokwong, Alec Daniel:Alec-hine"]
[Black "MYSORE, ABHINAV NAVEEN:Mapking1"]
[Result "1-0"]
[ICCResult "Black resigns"]
[WhiteElo "1666"]
[BlackElo "1999"]
[Opening "Trompowsky attack (Ruth, Opocenský opening)"]
[ECO "A45"]
[NIC "QP.07"]
[Time "21:16:53"]
[PlyCount "43"]
[TimeControl "180+2"]

1. d4 Nf6 2. Bg5 g6 3. Bxf6 exf6 4. e3 Bg7 5. g3 O-O 6. Bg2 d5 7. Ne2 f5 8.
O-O Be6 9. b3 Nd7 10. Qd3 c6 11. c4 a5 12. Nbc3 Nb6 13. cxd5 Nxd5 14. Nxd5
Bxd5 15. Bxd5 cxd5 16. Rac1 Ra6 17. Qb5 Ra7 18. Nf4 a4 19. b4 Re8 20. Rc5
Re7 21. Rfc1 Ra8 22. Nxd5 { Black resigns } 1-0

[Event "ICC tourney 2541 (3 2)"]
[Site "Internet Chess Club"]
[Date "2021.04.30"]
[Round "6"]
[White "Zimmerman, Kevin:blackjack721"]
[Black "KALYANRAMAN, NIKHIL:nikhilkalya"]
[Result "0-1"]
[ICCResult "White checkmated"]
[WhiteElo "1359"]
[BlackElo "1890"]
[Opening "French: advance variation"]
[ECO "C02"]
[NIC "FR.03"]
[Time "21:16:20"]
[PlyCount "90"]
[TimeControl "180+2"]

1. e4 e6 2. d4 d5 3. e5 c5 4. Nc3 a6 5. a3 Qb6 6. f4 cxd4 7. Na4 Qa5+ 8. c3
b5 9. b4 Qxa4 10. Qxa4 bxa4 11. cxd4 Ne7 12. Nf3 Nf5 13. Bb2 Bd7 14. Bd3 g6
15. O-O Be7 16. g4 Ng7 17. Ng5 Bxg5 18. fxg5 Bb5 19. Rf3 Bxd3 20. Rxd3 O-O
21. Rf1 Nd7 22. h4 Nb6 23. h5 Nc4 24. Ba1 gxh5 25. gxh5 Nxh5 26. Rh3 Ng7
27. Rf6 Nf5 28. Bc3 Nb6 29. b5 axb5 30. Bb4 Nd7 31. Bxf8 Rxf8 32. g6 Nxf6
33. exf6 fxg6 34. Kg2 Rxf6 35. Rd3 Nh4+ 36. Kh3 Rf3+ 37. Rxf3 Nxf3 38. Kg3
Nxd4 39. Kf4 Nc2 40. Ke5 Nxa3 41. Kxe6 b4 42. Kxd5 b3 43. Kc5 b2 44. Kb4
b1=Q+ 45. Kxa3 Qb3# { White checkmated } 0-1

[Event "ICC tourney 2541 (3 2)"]
[Site "Internet Chess Club"]
[Date "2021.04.30"]
[Round "6"]
[White "CHANG, ANSEL Yiktong:anselc"]
[Black "FEHD, JODIE LYNN:spaceegg"]
[Result "1-0"]
[ICCResult "Black checkmated"]
[WhiteElo "933"]
[BlackElo "1186"]
[Opening "Vienna: Paulsen variation"]
[ECO "C25"]
[NIC "VG.04"]
[Time "21:16:23"]
[PlyCount "53"]
[TimeControl "180+2"]

1. e4 e5 2. Nc3 Nc6 3. g3 h6 4. Bg2 Nf6 5. Nge2 a6 6. O-O g5 7. d4 d5 8.
exd5 Nxd5 9. Nxd5 e4 10. Nec3 h5 11. Nxe4 Bg4 12. Nef6+ Qxf6 13. Nxf6+ Ke7
14. Nd5+ Kd6 15. Qd3 h4 16. h3 Be6 17. c4 Bg7 18. c5+ Kd7 19. g4 Bxd4 20.
Bxg5 Bxc5 21. Nb4+ Bd6 22. Nxc6 bxc6 23. Bf4 Kc8 24. Bxd6 cxd6 25. Qxd6 Rd8
26. Qxc6+ Kb8 27. Qb7# { Black checkmated } 1-0

[Event "ICC tourney 2541 (3 2)"]
[Site "Internet Chess Club"]
[Date "2021.04.30"]
[Round "6"]
[White "BROWN, MADISON:USChessNinja"]
[Black "ZENG, CALEB:calebzeng"]
[Result "0-1"]
[ICCResult "White checkmated"]
[WhiteElo "1714"]
[BlackElo "805"]
[Opening "Scotch game"]
[ECO "C45"]
[NIC "SO.05"]
[Time "21:16:24"]
[PlyCount "64"]
[TimeControl "180+2"]

1. e4 e5 2. Nf3 Nc6 3. d4 exd4 4. Nxd4 Bc5 5. Be3 Nf6 6. Nc3 d6 7. f3 Bxd4
8. Bxd4 Be6 9. Qd2 h6 10. O-O-O Qe7 11. f4 O-O-O 12. f5 Bd7 13. h3 Rhg8 14.
g4 Nxe4 15. Re1 Nxd2 16. Rxe7 Nxe7 17. Kxd2 Bc6 18. Rg1 Nd5 19. Bg2 Nxc3
20. Bxc6 bxc6 21. Bxc3 d5 22. f6 g6 23. g5 hxg5 24. Rxg5 Rh8 25. Rg3 Rh4
26. Bb4 Rxb4 27. Rg2 Rh4 28. Rh2 Rdh8 29. Re2 Rxh3 30. Re7 Rg3 31. Rxf7
Rh2+ 32. Ke1 Rg1# { White checkmated } 0-1

[Event "ICC tourney 2541 (3 2)"]
[Site "Internet Chess Club"]
[Date "2021.04.30"]
[Round "6"]
[White "Son, Aven Christopher:ason451"]
[Black "WANG, YUANZHE:yogokings12"]
[Result "0-1"]
[ICCResult "White checkmated"]
[WhiteElo "330"]
[BlackElo "1592"]
[Opening "Sicilian: Canal-Sokolsky attack, 3...Bd7"]
[ECO "B52"]
[NIC "SI.01"]
[Time "21:17:12"]
[PlyCount "50"]
[TimeControl "180+2"]

1. e4 c5 2. Nf3 d6 3. Bb5+ Bd7 4. Bxd7+ Qxd7 5. d4 cxd4 6. Qxd4 Nc6 7. Qa4
Nf6 8. Nc3 e6 9. Bg5 Be7 10. Be3 Ng4 11. O-O-O Nxe3 12. fxe3 O-O 13. e5 d5
14. e4 Qc7 15. exd5 Nxe5 16. Nxe5 Qxe5 17. Qd7 Bg5+ 18. Kb1 Rfd8 19. Qxb7
Rab8 20. Rhe1 Qxe1 21. Qxf7+ Kxf7 22. dxe6+ Qxe6 23. Rf1+ Bf6 24. Ne2 Qxe2
25. Rd1 Rxd1# { White checkmated } 0-1

[Event "ICC tourney 2541 (3 2)"]
[Site "Internet Chess Club"]
[Date "2021.04.30"]
[Round "6"]
[White "YE, LUKE SICONG:lukeye"]
[Black "GAO, MATTHEW IAN:xcelswimmer"]
[Result "1-0"]
[ICCResult "Black resigns"]
[WhiteElo "2075"]
[BlackElo "1918"]
[Opening "French: Winawer, advance variation"]
[ECO "C18"]
[NIC "FR.11"]
[Time "21:16:30"]
[PlyCount "51"]
[TimeControl "180+2"]

1. e4 e6 2. d4 d5 3. Nc3 Bb4 4. e5 c5 5. a3 Bxc3+ 6. bxc3 Nc6 7. Qg4 g6 8.
Ne2 Qa5 9. Bd2 c4 10. h4 h6 11. h5 g5 12. f4 f5 13. exf6 Nxf6 14. Qf3 g4
15. Qe3 Bd7 16. f5 Ne4 17. fxe6 Bxe6 18. Nf4 Bf7 19. Bxc4 O-O-O 20. Be2
Rde8 21. Bxg4+ Kb8 22. O-O Rhg8 23. Ng6 Bxg6 24. hxg6 Rxg6 25. Bh5 Nf6 26.
Qf4+ { Black resigns } 1-0

[Event "ICC tourney 2541 (3 2)"]
[Site "Internet Chess Club"]
[Date "2021.04.30"]
[Round "6"]
[White "ALEKSANDROV, ALEKSEJ:Aleksandrov73"]
[Black "GUSEINOV, GADIR:GGuseinov"]
[Result "1-0"]
[ICCResult "Black resigns"]
[WhiteElo "2623"]
[BlackElo "2715"]
[Opening "King's Indian: London system"]
[ECO "A48"]
[NIC "QP.03"]
[Time "21:16:16"]
[PlyCount "65"]
[TimeControl "180+2"]

1. d4 Nf6 2. Nf3 g6 3. Bf4 Bg7 4. c3 O-O 5. h3 d6 6. e3 Nbd7 7. Be2 b6 8.
Nbd2 Bb7 9. O-O Qe8 10. Bh2 e5 11. Nc4 Ne4 12. a4 a6 13. Nfd2 f5 14. dxe5
Nxe5 15. Nxe5 dxe5 16. Nxe4 Bxe4 17. Qb3+ Kh8 18. Rad1 Bc6 19. Ra1 f4 20.
exf4 exf4 21. Rfe1 Qd8 22. Qc4 Bd5 23. Qd3 Qg5 24. Bf3 Rad8 25. Bxd5 Rxd5
26. Qf3 Rd2 27. Re4 Rxb2 28. Rxf4 Rd8 29. Bg3 Rc2 30. Bh4 Qd5 31. Bxd8 Qxd8
32. Rd1 Qg5 33. Qa8+ { Black resigns } 1-0

[Event "ICC tourney 2541 (3 2)"]
[Site "Internet Chess Club"]
[Date "2021.04.30"]
[Round "6"]
[White "NI, BRANDON:chessbn"]
[Black "WILLY, STEPHEN:stephenwilly"]
[Result "1-0"]
[ICCResult "Black resigns"]
[WhiteElo "1930"]
[BlackElo "1460"]
[Opening "Queen's pawn, Mason variation"]
[ECO "D00"]
[NIC "QP.08"]
[Time "21:16:18"]
[PlyCount "121"]
[TimeControl "180+2"]

1. d4 d5 2. Bf4 Nf6 3. e3 Bf5 4. Nf3 e6 5. Ne5 Bd6 6. Bd3 Bxd3 7. Qxd3 Nc6
8. c3 O-O 9. h3 Nd7 10. Nxc6 bxc6 11. O-O Bxf4 12. exf4 Qf6 13. g3 Rab8 14.
Qc2 Qh6 15. Kg2 Qg6 16. Qc1 Nf6 17. Nd2 Ne4 18. Nxe4 Qxe4+ 19. Kh2 Qe2 20.
Rb1 Rb6 21. Kg2 Rfb8 22. b3 Qxa2 23. Ra1 Qxb3 24. Rxa7 R6b7 25. Qa1 h6 26.
Ra6 Rb6 27. Ra7 R8b7 28. Rxb7 Rxb7 29. Qa8+ Kh7 30. Qe8 Qxc3 31. Qxf7 Qxd4
32. Qxe6 Qe4+ 33. Qxe4+ dxe4 34. Rc1 Rb6 35. Rc4 Kg6 36. Rxe4 Kf6 37. Kf3
Rb3+ 38. Ke2 c5 39. Rc4 Rb5 40. Ke3 Ke6 41. Ke4 Rb4 42. Kd3 Kd5 43. Rc3
Rd4+ 44. Ke3 c4 45. f3 c5 46. g4 g6 47. h4 h5 48. Ra3 hxg4 49. fxg4 Re4+
50. Kf3 Rd4 51. Ke3 Re4+ 52. Kf3 Kd4 53. Ra1 c3 54. Rd1+ Kc4 55. Kxe4 c2
56. Rc1 Kc3 57. Ke3 Kb2 58. Kd2 c4 59. Rxc2+ Kb3 60. Rc3+ Kb4 61. h5 {
Black resigns } 1-0

[Event "ICC tourney 2541 (3 2)"]
[Site "Internet Chess Club"]
[Date "2021.04.30"]
[Round "6"]
[White "BOYINEPALLY, KIRAN:BoyinK-99"]
[Black "CARDOSO, CARLOS:cjcardoso"]
[Result "0-1"]
[ICCResult "White forfeits on time"]
[WhiteElo "1673"]
[BlackElo "1468"]
[Opening "QGD semi-Slav"]
[ECO "D43"]
[NIC "SL.03"]
[Time "21:16:24"]
[PlyCount "52"]
[TimeControl "180+2"]

1. d4 d5 2. Nf3 Nf6 3. c4 c6 4. Nc3 e6 5. Bf4 Be7 6. h3 Nbd7 7. Rc1 a6 8.
e3 O-O 9. Qc2 Re8 10. b3 Bb4 11. Bd3 dxc4 12. bxc4 c5 13. O-O cxd4 14. exd4
Qa5 15. Ne4 b6 16. Nd6 Bxd6 17. Bxd6 Bb7 18. Ne5 h6 19. a3 b5 20. Bb4 Qc7
21. Rfe1 bxc4 22. Qxc4 Qb6 23. Qc7 Qxd4 24. Nxd7 Qxd7 25. Qg3 a5 26. Bc3
Qd8 { White forfeits on time } 0-1

[Event "ICC tourney 2541 (3 2)"]
[Site "Internet Chess Club"]
[Date "2021.04.30"]
[Round "6"]
[White "CHAN, MATTHEW M:mmchan"]
[Black "KINGSLEY, PETER F:Saixua"]
[Result "1-0"]
[ICCResult "Black resigns"]
[WhiteElo "1891"]
[BlackElo "1447"]
[Opening "Alekhine's defense"]
[ECO "B03"]
[NIC "AL.09"]
[Time "21:16:20"]
[PlyCount "95"]
[TimeControl "180+2"]

1. e4 Nf6 2. e5 Nd5 3. d4 Nb6 4. g3 d6 5. exd6 exd6 6. Bg2 d5 7. Ne2 Bd6 8.
O-O O-O 9. Bf4 Bg4 10. Bxd6 Qxd6 11. Nbc3 Re8 12. f3 Bf5 13. b3 c6 14. Qd2
N8d7 15. Rae1 a5 16. a4 h6 17. Nf4 Qb4 18. Nd3 Qd6 19. f4 Nf6 20. Re5 Bg6
21. Rfe1 Nbd7 22. Rxe8+ Rxe8 23. Ne5 Bf5 24. Nd1 b6 25. Nf2 h5 26. Nfd3 c5
27. Nxd7 Bxd7 28. dxc5 Rxe1+ 29. Qxe1 bxc5 30. Qxa5 c4 31. bxc4 dxc4 32.
Qc5 Qa6 33. Ne5 Be6 34. a5 Kh7 35. Qb6 Bc8 36. Qxa6 Bxa6 37. Nxf7 Nd7 38.
Ne5 Nc5 39. Bf1 Nb7 40. Bxc4 Bxc4 41. Nxc4 Nc5 42. Kf2 Kg6 43. Ke3 Kf7 44.
Kd4 Na6 45. Kd5 Ke7 46. Kc6 Nb4+ 47. Kb7 Kd7 48. a6 { Black resigns } 1-0

[Event "ICC tourney 2541 (3 2)"]
[Site "Internet Chess Club"]
[Date "2021.04.30"]
[Round "6"]
[White "Lopez, Santiago Ernesto:Oyant"]
[Black "YU, AVERY:Averyyu321"]
[Result "0-1"]
[ICCResult "White forfeits on time"]
[WhiteElo "1357"]
[BlackElo "1671"]
[Opening "Sicilian: Smith-Morra gambit"]
[ECO "B21"]
[NIC "SI.48"]
[Time "21:16:57"]
[PlyCount "52"]
[TimeControl "180+2"]

1. e4 c5 2. d4 cxd4 3. c3 dxc3 4. Nxc3 e6 5. Nf3 d6 6. Bd3 Nc6 7. a3 Nf6 8.
O-O Be7 9. Re1 O-O 10. e5 dxe5 11. Nxe5 Nxe5 12. Rxe5 b6 13. Qf3 Bd6 14.
Re1 Bd7 15. Bg5 Be7 16. Rad1 h6 17. Bxf6 Bxf6 18. Qe4 g6 19. Re3 Bxc3 20.
bxc3 Qc7 21. Rg3 Be8 22. Qxa8 Ba4 23. Qe4 Bxd1 24. Qd4 Bh5 25. Qh4 Kh8 26.
Rh3 Qxc3 { White forfeits on time } 0-1

[Event "ICC tourney 2541 (3 2)"]
[Site "Internet Chess Club"]
[Date "2021.04.30"]
[Round "6"]
[White "SZERENCSY, IAN:iszerencsy"]
[Black "SCHENK, SAM:SupaHotFiya"]
[Result "0-1"]
[ICCResult "White checkmated"]
[WhiteElo "1371"]
[BlackElo "1950"]
[Opening "French: Paulsen variation"]
[ECO "C10"]
[NIC "FR.04"]
[Time "21:16:18"]
[PlyCount "100"]
[TimeControl "180+2"]

1. e4 e6 2. d4 d5 3. Nc3 f5 4. e5 c5 5. Nf3 Nc6 6. Bb5 Qb6 7. Be3 Bd7 8.
O-O a6 9. Be2 cxd4 10. Nxd4 Qc7 11. f4 Nh6 12. a3 Nf7 13. Nxf5 exf5 14.
Nxd5 Qd8 15. Bb6 Qxb6+ 16. Nxb6 Bc5+ 17. Kh1 Bxb6 18. Bc4 Nh6 19. e6 Bc8
20. Qh5+ Ke7 21. Qg5+ Kf8 22. e7+ Nxe7 23. Rae1 Bc5 24. Re5 Bd6 25. Rd1 Nf7
26. Rxd6 Be6 27. Qh4 Ng6 28. Qe1 Bxc4 29. Qb4 Nxd6 30. Qxd6+ Kg8 31. Rc5
Re8 32. h3 Be6 33. g4 Nh4 34. Re5 Bf7 35. Rxe8+ Bxe8 36. Qe7 Bc6+ 37. Kh2
Nf3+ 38. Kg3 h5 39. g5 h4+ 40. Kf2 Kh7 41. Qf7 Be4 42. g6+ Kh6 43. b4 Rc8
44. c4 Rd8 45. Qe7 Rd2+ 46. Kf1 Nh2+ 47. Ke1 Nf3+ 48. Kf1 Bd3+ 49. Qe2 Rxe2
50. c5 Ra2# { White checkmated } 0-1

[Event "ICC tourney 2541 (3 2)"]
[Site "Internet Chess Club"]
[Date "2021.04.30"]
[Round "6"]
[White "POPILSKI, GIL:kurumania"]
[Black "VAKHIDOV, JAKHONGIR:TjkTiger"]
[Result "0-1"]
[ICCResult "White resigns"]
[WhiteElo "2514"]
[BlackElo "2603"]
[Opening "Sicilian: Hungarian variation"]
[ECO "B27"]
[NIC "SI.43"]
[Time "21:16:27"]
[PlyCount "100"]
[TimeControl "180+2"]

1. e4 c5 2. Nf3 g6 3. c3 d5 4. e5 a6 5. h3 Nc6 6. d4 Bg7 7. Be2 f6 8. exf6
Nxf6 9. O-O O-O 10. Nbd2 cxd4 11. cxd4 Nh5 12. Nb3 Nf4 13. Bxf4 Rxf4 14.
Re1 Qd6 15. Rc1 Bd7 16. g3 Rff8 17. Bf1 e5 18. dxe5 Nxe5 19. Nxe5 Bxe5 20.
Bg2 Bc6 21. Rc2 d4 22. Bxc6 bxc6 23. Qd3 Bg7 24. Nc5 Rae8 25. Qc4+ Kh8 26.
Rce2 Rxe2 27. Rxe2 a5 28. Nd3 Qd7 29. Qe6 Qb7 30. h4 Qb5 31. Qe4 c5 32. b3
a4 33. Nf4 axb3 34. axb3 Qxb3 35. Ne6 d3 36. Re3 d2 37. Nxf8 d1=Q+ 38. Kh2
Bxf8 39. Rxb3 Qxb3 40. Qe5+ Kg8 41. h5 Qf7 42. Kg2 gxh5 43. Qg5+ Qg6 44.
Qd5+ Kg7 45. Qe5+ Kf7 46. Qd5+ Ke8 47. Qe5+ Be7 48. Qb8+ Kf7 49. Qb3+ Kg7
50. Qc3+ Qf6 { White resigns } 0-1